 Dungeon Crawl Stone Soup version 0.29-a0-321-gf1c400731a (webtiles) character file.

Game seed: 2502430306790069919

53 Morbidden the Sneak (level 3, -33/21 (27) HPs)
             Began as a Demonspawn Brigand on Apr 4, 2022.
             Was an Initiate of Cheibriados.
             Killed by an exploding adder (41 damage)
             ... ignited by their inner flame
             ... on level 2 of the Dungeon.
             The game lasted 00:01:53 (1664 turns).

Morbidden the Sneak (Demonspawn Brigand)            Turns: 1664, Time: 00:01:55

HP:   -33/21 (27)   AC:  4    Str:  9 (12) XL:     3   Next: 62%
MP:   4/4           EV: 15    Int: 12 (15) God:    Cheibriados [......]
Gold: 65            SH:  0    Dex: 14 (15) Spells: 3/3 levels left

rFire   . . .      SeeInvis .   b - +0 short sword (drain)
rCold   . . .      Faith    .   (no shield)
rNeg    . . .      Spirit   .   i - +0 robe
rPois   .          Reflect  .   (no helmet)
rElec   .          Harm     .   c - +0 cloak
rCorr   .          Rampage  .   (no gloves)
Will    .....                   (no boots)
Stlth   +++.......              (no amulet)
HPRegen 0.07/turn               j - +4 ring of evasion
MPRegen 0.09/turn               (no ring)

@: heavily drained, very slow
A: sharp scales 1
a: Renounce Religion


You were on level 2 of the Dungeon.
You worshipped Cheibriados.
Cheibriados was noncommittal.
You visited 1 branch of the dungeon, and saw 2 of its levels.

You collected 65 gold pieces.

Inventory:

Hand Weapons
 a - a +2 dagger
 b - a +0 short sword of draining (weapon)
Missiles
 d - 7 poisoned darts (quivered)
 e - 3 curare-tipped darts
Armour
 c - a +0 cloak (worn)
 i - a +0 robe (worn)
Jewellery
 j - a +4 ring of evasion (left hand)
Scrolls
 h - a scroll of fear {unknown}
 k - a scroll of fog {unknown}
 l - a scroll of identify {unknown}
 m - a scroll of blinking {unknown}
 n - a scroll of brand weapon {unknown}
 o - a scroll of teleportation {unknown}


   Skills:
 * Level 2.2 Fighting
 + Level 2.2 Short Blades
 * Level 2.1 Throwing
 * Level 1.0 Dodging
 + Level 4.3 Stealth
 * Level 0.7 Spellcasting


You had 3 spell levels left.
You didn't know any spells.
Your spell library was empty.

Dungeon Overview and Level Annotations

Branches:
Dungeon (2/15)

Altars:
Cheibriados

Annotations:
D:2 Jessica


Innate Abilities, Weirdness & Mutations

You are partially covered in razor-sharp scales. (AC +1, Slay +1)


Message History

The adder misses you.
Unknown command.
You barely miss the adder.
The adder is lightly wounded.
The adder bites you but does no damage. The adder bites you.
Unknown command.
You hit the adder.
The adder is moderately wounded.
The adder misses you.
Unknown command.
You barely miss the adder.
The adder is moderately wounded.
The adder misses you.
Unknown command.
It was a potion of degeneration.
There was something very wrong with that liquid.
You feel weakened.
You feel dopey.
You feel clumsy. The adder barely misses you. x2
Unknown command.
You aren't carrying any items that you can evoke.
Unknown command.
As you read the scroll labelled JOREECR EXKIN, it crumbles to dust.
The creatures around you are filled with an inner flame!
It was a scroll of immolation.
The adder barely misses you.
Unknown command.
Unknown command.
You hit the adder.
Flame seeps out of the adder.
The adder is heavily wounded.
The adder is engulfed in blazing flames.
Cheibriados thoroughly appreciates the change of pace.
The adder explodes!
The fiery explosion engulfs the bat!!!
Cheibriados thoroughly appreciates the change of pace.
The fiery explosion engulfs the adder!!!
Cheibriados thoroughly appreciates the change of pace.
The fiery explosion engulfs the goblin!!!
Cheibriados thoroughly appreciates the change of pace.
The fiery explosion engulfs you!!!
Ouch! That really hurt!
You die...

#####...###...####
....##............'.......
#........####....###...####
.........####....###...####
)...<..>.........+......<..
.........####....##...#####
#........##...#####.#.#####
........§##.### #.#......
#...@§○@.# #.#######
....#..§#### #.# ......†###
#.###### .....). #.#....##
#....@. #.#....#. #......
#......#. #...... ###....#.
#...... #.....#. ####...
#############.#.


You could see Jessica (inner flame).

Vanquished Creatures
  2 adders (D:2)
  A worm (D:2)
  6 bats
  3 endoplasms
  A giant cockroach (D:2)
  4 goblins
  6 hobgoblins
  4 jackals (D:1)
  4 quokkas
  4 ball pythons
  5 kobolds
  10 rats
50 creatures vanquished.

Notes
Turn   | Place    | Note
-------+----------+-------------------------------------------
     0 | D:1      | Morbidden the Demonspawn Brigand began the quest for the
                  | Orb.
     0 | D:1      | Reached XP level 1. HP: 16/16 MP: 1/1
   414 | D:1      | Reached skill level 4 in Stealth
   434 | D:1      | Gained mutation: You are partially covered in razor-sharp
                  | scales. (AC +1, Slay +1) [demonic ancestry]
   434 | D:1      | Reached XP level 2. HP: 22/22 MP: 2/2
   755 | D:1      | Reached XP level 3. HP: 19/27 MP: 3/3
  1099 | D:1      | Found a faded altar of an unknown god.
  1402 | D:2      | Reached skill level 1 in Dodging
  1571 | D:2      | Found a snail-covered altar of Cheibriados.
  1592 | D:2      | Became a worshipper of Cheibriados the Contemplative
  1648 | D:2      | Noticed Jessica
  1664 | D:2      | Killed by an exploding adder... ignited by their inner
                  | flame

Illustrated notes

Levels and vault maps discovered:
D:1:      wander_arrival_abandoned_jail, layout_loops_ring,
          basic_ecumenical_altar
D:2:      layout_basic, basic_altar, uniq_jessica

Skill      XL: |  1  2  3 |
---------------+----------+-----
Stealth        | 4 |  4.3
Short Blades   | 2 |  2.2
Throwing       | 2 |  2.1
Dodging        | 1 |  1.0
Fighting       | |  2.2
Spellcasting   | |  0.7

Action                   || total
-------------------------++-------
Melee: Dagger            ||    92
       Short sword       ||    28
Throw: Dart              ||     6
  Use: Scroll            ||     1
       Potion            ||     1
 Stab: Sleeping          ||    11
Armor: Robe              ||    35
Dodge: Dodged            ||    80

Table legend: (Time is in decaauts)
 A = Elapsed time spent in this place.
 B = Non-inter-level travel time spent in this place.
 C = Inter-level travel time spent in this place.
 D = Time resting spent in this place.
 E = Time spent auto-exploring this place.
 F = Levels seen in this place.
 G = Mean time per level.
                   A        B        C        D        E       F      G
               +--------+--------+--------+--------+--------+-----+--------+
         Total |   1667 |   1602 |     65 |    250 |   1069 |   2 |  833.5 |
       Dungeon |   1667 |   1602 |     65 |    250 |   1069 |   2 |  833.5 |
               +--------+--------+--------+--------+--------+-----+--------+

Top non-repeatable levels by time:
     D:1: 1250 daAuts
     D:2: 417 daAuts
